[Event "Titled Tuesday Blitz January 03 Early 2023"]
[White "Fajdetic, Hrvoje"]
[Black "Thiel, Thomas"]
[WhiteFideId "14501945"]
[BlackFideId "4615964"]
[WhiteElo "2151"]
[BlackElo "2234"]
[Result "0-1"]
[Round "08"]
[TimeControl "180+2"]
[Date "2023.01.03"]
[WhiteClock "0:02:39"]
[BlackClock "0:02:39"]

1. f4 e5 2. fxe5 d6 3. exd6 Bxd6 4. Nf3 g5 5. g3 g4 6. Nh4 Ne7 7. d4 Ng6 8. Ng2 Nc6 9. Nc3 Nxd4 10. Bh6 Nf5 11. Bd2 Nxg3 0-1


[Site "https://www.chess.com"]

[Event "Titled Tuesday Blitz January 03 Early 2023"]
[White "Lauridsen, Jesper Morch"]
[Black "Tuleyeva-Aketayeva, Dana"]
[WhiteFideId "1401890"]
[BlackFideId "13701932"]
[WhiteElo "2309"]
[BlackElo "2130"]
[Result "1-0"]
[Round "08"]
[TimeControl "180+2"]
[Date "2023.01.03"]
[WhiteClock "0:00:42"]
[BlackClock "0:00:01"]

1. e4 c5 2. Nf3 Nc6 3. d4 cxd4 4. Nxd4 g6 5. c4 Bg7 6. Be3 Nf6 7. Nc3 O-O 8. Be2 d6 9. O-O Bd7 10. Qd2 Ng4 11. Bxg4 Bxg4 12. f3 Bd7 13. Rad1 Rc8 14. Kh1 b6 15. b3 a6 16. Nd5 e6 17. Nxc6 Rxc6 18. Nxb6 Rxb6 19. Bxb6 Qxb6 20. Qxd6 Bc6 21. c5 Qb7 22. e5 Rc8 23. Rd4 Bb5 24. Rfd1 Bf8 25. Qb6 Qe7 26. b4 h5 27. Rd8 Rc6 28. Qb8 Kg7 29. R1d7 Qg5 30. Rxf7+ Kh6 31. Rd1 Bg7 32. f4 Qg4 33. Qd8 Rc8 34. Qd2 Ba4 35. f5+ 1-0


[Site "https://www.chess.com"]

[Event "Titled Tuesday Blitz January 03 Early 2023"]
[White "Gholami Orimi, Mahdi"]
[Black "Dos Santos, Emmanuel"]
[WhiteFideId "12558486"]
[BlackFideId "2103559"]
[WhiteElo "2420"]
[BlackElo "2261"]
[Result "1-0"]
[Round "08"]
[TimeControl "180+2"]
[Date "2023.01.03"]
[WhiteClock "0:00:57"]
[BlackClock "0:00:01"]

1. c4 d5 2. cxd5 Nf6 3. Nc3 c6 4. dxc6 Nxc6 5. g3 g6 6. Bg2 Bg7 7. d3 O-O 8. Nf3 Nd4 9. O-O Bg4 10. Nxd4 Qxd4 11. Bxb7 Bh3 12. Bg2 Bxg2 13. Kxg2 Nh5 14. Be3 Qb4 15. Rb1 Rad8 16. Qb3 Qd6 17. Bxa7 Qe5 18. Be3 Kh8 19. Qb5 Qe6 20. Qc4 Qe5 21. Qe4 Qa5 22. b4 Qc7 23. Nb5 Qd7 24. a4 f5 25. Qc4 f4 26. Bc5 Rf5 27. g4 Rg5 28. f3 Nf6 29. h3 Nxg4 30. fxg4 Rxg4+ 31. Kf2 Rg3 32. Qxf4 Rf8 33. Qxf8+ Bxf8 34. Kxg3 Bg7 35. Rf3 Be5+ 36. Kg2 Qd5 37. Rf1 Bf6 38. Rf2 Qb3 39. a5 Qa4 40. Na7 h5 41. Rxf6 exf6 42. Rxf6 Qd1 43. Re6 h4 44. Bf2 Qb3 45. Re4 Qd5 46. Bxh4 g5 47. Bf2 Qb7 48. b5 Qxa7 49. Bxa7 1-0


[Site "https://www.chess.com"]

[Event "Titled Tuesday Blitz January 03 Early 2023"]
[White "Martin Carmona, Gaston Manuel"]
[Black "Kniazev, Igor"]
[WhiteFideId "22284567"]
[BlackFideId "4136349"]
[WhiteElo "2333"]
[BlackElo "2057"]
[Result "1-0"]
[Round "08"]
[TimeControl "180+2"]
[Date "2023.01.03"]
[WhiteClock "0:01:07"]
[BlackClock "0:01:10"]

1. Nf3 Nf6 2. c4 g6 3. g3 Bg7 4. Bg2 d6 5. d4 O-O 6. O-O c5 7. Nc3 cxd4 8. Nxd4 Nfd7 9. Be3 Ne5 10. b3 Nbc6 11. Rc1 Bd7 12. Nxc6 Bxc6 13. Nd5 e6 14. Nc3 Bxg2 15. Kxg2 a6 16. Qd2 Ng4 17. Bg5 Qa5 18. h3 Nf6 19. Rfd1 Rfd8 20. Bxf6 Bxf6 21. Nd5 Qxd2 22. Nxf6+ Kg7 23. Nh5+ Kh6 24. Rxd2 Kxh5 25. Rcd1 d5 26. cxd5 e5 27. e4 Rd6 28. Rc1 Rad8 29. Rc7 R8d7 30. Rdc2 f5 31. f3 Kg5 32. h4+ Kf6 33. Kf2 Ke7 34. Ke3 Rb6 35. Rc8 h5 36. Rg8 Kf7 37. Rcc8 Rf6 38. Rcf8+ Ke7 39. Rxf6 Kxf6 40. Re8 Rc7 41. Re6+ Kf7 42. Rxe5 Rc3+ 43. Kf4 fxe4 44. fxe4 Rc2 45. Re6 Rxa2 46. Rb6 Rf2+ 47. Ke5 Rf3 48. Rxb7+ Kf8 49. d6 Rxg3 50. Ke6 Rd3 51. e5 g5 52. hxg5 h4 53. d7 h3 54. Rb8+ Kg7 55. d8=Q Rxd8 56. Rxd8 h2 57. Rd1 Kg6 58. Rh1 Kxg5 59. Rxh2 Kf4 60. Ra2 1-0


[Site "https://www.chess.com"]

[Event "Titled Tuesday Blitz January 03 Early 2023"]
[White "KSho99"]
[Black "Pein, Malcolm"]
[BlackFideId "400289"]
[WhiteElo "2118"]
[BlackElo "2305"]
[Result "0-1"]
[Round "08"]
[TimeControl "180+2"]
[Date "2023.01.03"]
[WhiteClock "0:00:02"]
[BlackClock "0:00:39"]

1. e4 e5 2. Nf3 Nc6 3. Nc3 g6 4. d4 exd4 5. Nxd4 Bg7 6. Be3 Nge7 7. h4 O-O 8. h5 d5 9. Nxc6 bxc6 10. Qd2 d4 11. O-O-O Bg4 12. hxg6 hxg6 13. Bxd4 Bxd1 14. Bxg7 Qxd2+ 15. Kxd2 Kxg7 16. Kxd1 Rad8+ 17. Kc1 Rh8 18. Rxh8 Rxh8 19. Kd2 Kf6 20. Ke3 g5 21. Na4 Ng6 22. Nc5 Ne5 23. Ba6 Rh2 24. g3 Ng4+ 25. Kf3 Ne5+ 26. Ke3 Rh1 27. f4 gxf4+ 28. gxf4 Rh3+ 29. Kf2 Ng4+ 30. Kg2 Re3 31. Bc8 Re2+ 32. Kf3 Rxc2 33. Nd7+ Ke7 34. Kxg4 Kd8 35. Ba6 Kxd7 36. Kf5 Rxb2 37. Bc4 Ke7 0-1


[Site "https://www.chess.com"]

[Event "Titled Tuesday Blitz January 03 Early 2023"]
[White "Samaganova, Aleksandra"]
[Black "Blindsplieler"]
[WhiteFideId "13800221"]
[WhiteElo "1856"]
[BlackElo "2071"]
[Result "1-0"]
[Round "08"]
[TimeControl "180+2"]
[Date "2023.01.03"]
[WhiteClock "0:00:18"]
[BlackClock "0:01:23"]

1. c4 e5 2. Nc3 Bb4 3. Qc2 d6 4. Nf3 Nf6 5. e3 O-O 6. Be2 Re8 7. O-O Nc6 8. d3 a5 9. Nd5 Nxd5 10. cxd5 Ne7 11. e4 f5 12. Bd2 Bc5 13. Nxe5 Bxf2+ 14. Rxf2 dxe5 15. Rc1 f4 16. Qxc7 Qxc7 17. Rxc7 Ng6 18. Rf1 Re7 19. Rfc1 Rxc7 20. Rxc7 b6 21. d4 exd4 22. d6 Nf8 23. Bc4+ Kh8 24. Bxf4 Be6 25. Bb5 Rd8 26. Be5 Bd7 27. Bc4 Be6 28. Rxg7 Bxc4 29. Rd7+ Kg8 30. Rg7+ Kh8 31. Rg6# 1-0


[Site "https://www.chess.com"]

[Event "Titled Tuesday Blitz January 03 Early 2023"]
[White "Suduvasachmatai"]
[Black "Tarnowska, Aleksandra"]
[BlackFideId "1180967"]
[WhiteElo "2107"]
[BlackElo "1835"]
[Result "1-0"]
[Round "08"]
[TimeControl "180+2"]
[Date "2023.01.03"]
[WhiteClock "0:00:50"]
[BlackClock "0:00:08"]

1. e4 c5 2. c3 d5 3. exd5 Qxd5 4. d4 e6 5. Nf3 Nf6 6. Be2 Be7 7. O-O Kf8 8. Be3 cxd4 9. cxd4 Nc6 10. Nc3 Qd6 11. Bb5 a6 12. Bxc6 bxc6 13. Ne5 Bb7 14. Bf4 Qb4 15. a3 Qb6 16. Na4 Qd8 17. Nc5 Bxc5 18. dxc5 Qxd1 19. Raxd1 Ke7 20. Nc4 Nd5 21. Bd6+ Ke8 22. Be5 Bc8 23. Nd6+ Ke7 24. Bxg7 Rg8 25. Be5 f6 26. Bg3 e5 27. Rfe1 Be6 28. b4 Rg6 29. Nc4 Rag8 30. Ne3 h5 31. Nxd5+ cxd5 32. h4 Kd7 33. Re3 Kc6 34. Kh2 Rb8 35. f4 e4 36. f5 Bxf5 37. Bxb8 Bg4 38. Rf1 f5 39. Bf4 Rg8 40. Bg5 Rc8 41. Kg3 Kb5 42. Kf4 Kc6 43. Ke5 Re8+ 44. Kd4 Rc8 45. a4 Rb8 46. Rb1 a5 47. b5+ Kd7 48. c6+ Kd6 49. Bf4+ Ke7 50. Bxb8 Ke6 51. c7 Kf6 52. c8=Q Kf7 53. Qd7+ Kg6 54. Be5 1-0


[Site "https://www.chess.com"]

[Event "Titled Tuesday Blitz January 03 Early 2023"]
[White "Guevara Sanchez, Erick Marvin"]
[Black "Kuchava, Ana"]
[WhiteFideId "6700136"]
[BlackFideId "13605348"]
[WhiteElo "2073"]
[BlackElo "2101"]
[Result "1-0"]
[Round "08"]
[TimeControl "180+2"]
[Date "2023.01.03"]
[WhiteClock "0:01:07"]
[BlackClock "0:00:33"]

1. e4 c5 2. Nf3 d6 3. d4 cxd4 4. Nxd4 Nf6 5. Nc3 Nc6 6. Be2 e5 7. Nf3 Be7 8. Be3 h6 9. h3 Be6 10. O-O O-O 11. Qd2 Kh7 12. Rad1 a6 13. a4 Rc8 14. Nd5 Bxd5 15. exd5 Nb8 16. Bd3+ e4 17. Be2 exf3 18. Bxf3 Nbd7 19. a5 Ne5 20. Be2 Nc4 21. Bxc4 Rxc4 22. Qd3+ Re4 23. f3 Qxa5 24. fxe4 Qb4 25. Bd4 Rc8 26. e5+ g6 27. exf6 Bd8 28. c3 Qxb2 29. Rb1 Qa3 30. Rxb7 Kg8 31. Re1 1-0


[Site "https://www.chess.com"]

[Event "Titled Tuesday Blitz January 03 Early 2023"]
[White "Mitrovic, Darko R"]
[Black "Hartikainen, Jarmo"]
[WhiteFideId "927023"]
[BlackFideId "503134"]
[WhiteElo "2220"]
[BlackElo "2108"]
[Result "0-1"]
[Round "08"]
[TimeControl "180+2"]
[Date "2023.01.03"]
[WhiteClock "0:00:01"]
[BlackClock "0:00:09"]

1. d4 Nf6 2. Nf3 g6 3. g3 Bg7 4. Bg2 O-O 5. O-O d5 6. c4 c6 7. b3 Nbd7 8. Nc3 a6 9. Qd3 b5 10. e4 dxe4 11. Nxe4 Bb7 12. Nxf6+ Nxf6 13. Be3 Ng4 14. Bf4 e5 15. Bg5 f6 16. h3 fxg5 17. hxg4 Re8 18. Rae1 exd4 19. Rxe8+ Qxe8 20. Nxg5 Rd8 21. Ne4 Bc8 22. Re1 Qd7 23. g5 Qf5 24. f4 h6 25. Nf2 hxg5 26. Be4 Qf6 27. Bxg6 gxf4 28. g4 f3 29. Re8+ Rxe8 30. Bxe8 Qg5 31. Qg6 Qxg6 32. Bxg6 Bh6 33. Bd3 Be3 34. Be4 Bxg4 35. Bxc6 bxc4 36. bxc4 Be6 0-1


[Site "https://www.chess.com"]

[Event "Titled Tuesday Blitz January 03 Early 2023"]
[White "Necula, Iulian"]
[Black "Broca Jimenez, Fernando"]
[WhiteFideId "1232380"]
[BlackFideId "5104742"]
[WhiteElo "1851"]
[BlackElo "2075"]
[Result "0-1"]
[Round "08"]
[TimeControl "180+2"]
[Date "2023.01.03"]
[WhiteClock "0:00:06"]
[BlackClock "0:00:12"]

1. d4 Nf6 2. Nc3 d5 3. Bf4 e6 4. e3 Bd6 5. Bxd6 Qxd6 6. Nf3 Nbd7 7. a3 c6 8. Bd3 e5 9. dxe5 Nxe5 10. Nxe5 Qxe5 11. Qe2 O-O 12. h3 Re8 13. O-O Bf5 14. Bxf5 Qxf5 15. Rad1 Rad8 16. Rd4 c5 17. Rf4 Qe5 18. Qf3 Re7 19. Rd1 Red7 20. Ne2 Ne4 21. c3 b6 22. Rf5 Qe6 23. g4 g6 24. Rf4 Kg7 25. Ng3 Nxg3 26. Qxg3 f6 27. Qf3 Rd6 28. h4 R8d7 29. Kg2 h6 30. Qg3 Rf7 31. Rf3 Rdd7 32. Kh3 f5 33. g5 f4+ 34. Qg4 Qxg4+ 35. Kxg4 h5+ 36. Kh3 fxe3 37. Rxf7+ Kxf7 38. fxe3 Ke6 39. Kg3 Ke5 40. c4 Ke4 41. cxd5 Rxd5 42. Rxd5 Kxd5 43. Kf4 b5 44. e4+ Kd4 45. Kf3 a5 46. Kf4 c4 47. e5 Kd5 48. e6 Kxe6 49. Ke4 b4 50. Kd4 c3 51. Kd3 cxb2 52. Kc2 bxa3 53. Kb1 Kf5 54. Ka2 Kg4 55. Kxa3 Kxh4 56. Ka4 Kxg5 57. Ka3 Kg4 58. Kxb2 h4 59. Ka3 h3 60. Ka4 h2 61. Kxa5 h1=Q 62. Kb6 Kh3 63. Kc5 g5 64. Kd4 g4 0-1


[Site "https://www.chess.com"]

[Event "Titled Tuesday Blitz January 03 Early 2023"]
[White "Ocelak, Jakub"]
[Black "Gundam, Rohit"]
[WhiteFideId "23707933"]
[BlackFideId "75002809"]
[WhiteElo "2198"]
[BlackElo "2058"]
[Result "0-1"]
[Round "08"]
[TimeControl "180+2"]
[Date "2023.01.03"]
[WhiteClock "0:00:16"]
[BlackClock "0:00:30"]

1. b3 Nf6 2. Bb2 g6 3. g4 Bg7 4. h4 d5 5. Bh3 O-O 6. h5 Nxh5 7. Bxg7 Nxg7 8. d3 e5 9. Nd2 Nc6 10. e3 f5 11. gxf5 Bxf5 12. Bxf5 Rxf5 13. Ne2 Qf6 14. Ng3 Rxf2 15. Nde4 dxe4 16. Nxe4 Qf3 17. Nxf2 Qxe3+ 18. Qe2 Qxe2+ 19. Kxe2 Nd4+ 20. Kd2 Rf8 21. Ne4 Ngf5 22. Kc3 Nd6 23. Raf1 Nxe4+ 24. dxe4 h5 25. Rxf8+ Kxf8 26. Kd3 Ke7 27. c3 Ne6 28. Ke3 Kf6 29. Kf3 Nf4 30. Rd1 g5 31. Rd7 g4+ 32. Kg3 Kg5 33. Rg7+ Ng6 34. Rxc7 h4+ 35. Kg2 Nf4+ 36. Kg1 g3 37. Rf7 Kg4 38. Rf5 h3 39. Rxe5 g2 40. Re8 Ne2+ 41. Kf2 g1=Q+ 42. Kxe2 h2 43. Rg8+ Kf4 44. Rf8+ Kxe4 45. Re8+ Kd5 46. Rd8+ Kc6 47. Rc8+ Kd7 48. Rd8+ Kc7 49. Rc8+ Kxc8 0-1


[Site "https://www.chess.com"]

[Event "Titled Tuesday Blitz January 03 Early 2023"]
[White "Flis, Pawel"]
[Black "Jarocka, Liwia"]
[WhiteFideId "1112864"]
[BlackFideId "21807558"]
[WhiteElo "1879"]
[BlackElo "2225"]
[Result "0-1"]
[Round "08"]
[TimeControl "180+2"]
[Date "2023.01.03"]
[WhiteClock "0:00:01"]
[BlackClock "0:00:51"]

1. e4 b6 2. d4 Bb7 3. Bd3 e6 4. Nf3 d5 5. e5 c5 6. c3 Ne7 7. O-O Ng6 8. Bg5 Be7 9. Bxe7 Qxe7 10. Nbd2 O-O 11. Re1 Nd7 12. Rc1 Rac8 13. Bb1 Ba6 14. Nf1 Nf4 15. Qd2 Ng6 16. Ng3 cxd4 17. cxd4 Rc4 18. b3 Rxc1 19. Qxc1 Rc8 20. Qd2 Nb8 21. Rc1 Qd7 22. Rxc8+ Qxc8 23. h4 Nf8 24. Nh5 h6 25. Kh2 Nbd7 26. Qf4 Qe8 27. Qg3 g6 28. Nf6+ Nxf6 29. exf6 h5 30. Qf4 Qd8 31. Ne5 Nh7 32. Bxg6 fxg6 33. f7+ Kg7 34. Nc6 Qf6 35. Qe5 Kxf7 36. Qd6 Kg8 37. Nd8 Bc8 38. Qc7 Ba6 39. Qd6 Nf8 40. Qb8 Qxh4+ 41. Kg1 Bd3 42. Nxe6 Qf6 43. Nc7 Be4 0-1


[Site "https://www.chess.com"]

[Event "Titled Tuesday Blitz January 03 Early 2023"]
[White "Tharushi, T H D Niklesha"]
[Black "Figorito, Nick"]
[WhiteFideId "9918264"]
[BlackFideId "30923689"]
[WhiteElo "1570"]
[BlackElo "2036"]
[Result "0-1"]
[Round "08"]
[TimeControl "180+2"]
[Date "2023.01.03"]
[WhiteClock "0:01:27"]
[BlackClock "0:01:23"]

1. e4 e6 2. d4 d5 3. exd5 exd5 4. c3 Bd6 5. Bd3 Ne7 6. Nf3 O-O 7. O-O Bf5 8. Bxf5 Nxf5 9. Qd3 Nh4 10. Nbd2 Nxf3+ 11. Nxf3 f6 12. Be3 c6 13. c4 dxc4 14. Qxc4+ Kh8 15. Rad1 Nd7 16. d5 Nb6 17. Bxb6 axb6 18. dxc6 bxc6 19. Qxc6 Qc7 20. Rxd6 Qa7 21. Qxb6 Qxa2 22. Rd7 Rab8 23. Qc7 Rfc8 24. Rfd1 Rxc7 25. Rd8+ Qg8 26. Rxg8+ Kxg8 27. Nd4 Rd7 28. Rd2 Rbd8 29. Rc2 Rxd4 30. h3 Rd2 31. Rc7 Rxb2 32. Kh2 h6 0-1


[Site "https://www.chess.com"]

[Event "Titled Tuesday Blitz January 03 Early 2023"]
[White "Lohani, Sujana"]
[Black "Johnson, Ben"]
[WhiteFideId "12311987"]
[BlackFideId "2010917"]
[WhiteElo "1754"]
[BlackElo "1961"]
[Result "0-1"]
[Round "08"]
[TimeControl "180+2"]
[Date "2023.01.03"]
[WhiteClock "0:01:08"]
[BlackClock "0:01:16"]

1. d4 Nf6 2. Bf4 d5 3. e3 e6 4. c3 Bd6 5. Bg3 O-O 6. Bd3 c5 7. Nd2 Qc7 8. f4 Nc6 9. Rc1 b6 10. Ngf3 Ne7 11. Ne5 Bb7 12. Ndf3 Ne4 13. Qe2 Nf5 14. Bf2 Be7 15. g4 Nfd6 16. h4 f6 17. dxc5 bxc5 18. Ng6 hxg6 19. h5 gxh5 20. gxh5 c4 21. Bb1 Nf5 22. Bh4 Bc5 23. Nd4 Bxd4 24. cxd4 Qa5+ 25. Kf1 Nxh4 26. Rxh4 Ng3+ 0-1


[Site "https://www.chess.com"]

[Event "Titled Tuesday Blitz January 03 Early 2023"]
[White "Nakamura, Hikaru"]
[Black "Duda, Jan-Krzysztof"]
[WhiteFideId "2016192"]
[BlackFideId "1170546"]
[WhiteElo "2775"]
[BlackElo "2724"]
[Result "1/2-1/2"]
[Round "09"]
[TimeControl "180+2"]
[Date "2023.01.03"]
[WhiteClock "0:01:01"]
[BlackClock "0:01:38"]

1. e4 e5 2. Nf3 Nc6 3. Bb5 Nf6 4. d3 Bc5 5. Bxc6 dxc6 6. Nbd2 Nd7 7. O-O O-O 8. Nc4 f6 9. Kh1 Re8 10. Qe2 Bf8 11. g4 Nc5 12. Rg1 Be6 13. Ne3 Kh8 14. g5 g6 15. gxf6 Qxf6 16. Ng5 Bg7 17. Rg3 Rf8 18. Ng4 Qe7 19. Be3 Bg8 20. Bxc5 Qxc5 21. Rag1 Rf4 22. Nh3 Rf7 23. Ng5 Rf4 24. Nh3 Raf8 25. c3 R4f7 26. Ng5 Rf4 27. Nh3 R4f7 28. Ng5 Rf4 29. Nh3 1/2-1/2


[Site "https://www.chess.com"]

[Event "Titled Tuesday Blitz January 03 Early 2023"]
[White "Vokhidov, Shamsiddin"]
[Black "Fedoseev, Vladimir"]
[WhiteFideId "14204223"]
[BlackFideId "24130737"]
[WhiteElo "2586"]
[BlackElo "2680"]
[Result "0-1"]
[Round "09"]
[TimeControl "180+2"]
[Date "2023.01.03"]
[WhiteClock "0:00:21"]
[BlackClock "0:00:20"]

1. e4 e6 2. d4 d5 3. Nc3 Nf6 4. Bg5 dxe4 5. Nxe4 Be7 6. Nxf6+ gxf6 7. Be3 Nd7 8. Nf3 c6 9. Qd2 b5 10. g3 Nb6 11. Bg2 Nc4 12. Qe2 Nxb2 13. O-O Bd7 14. Nd2 Rc8 15. c4 bxc4 16. Nxc4 Nxc4 17. Qxc4 Qa5 18. Rab1 O-O 19. Rb7 Rfd8 20. Qe2 Kh8 21. d5 cxd5 22. Qh5 Rc7 23. Be4 dxe4 24. Qxa5 Rxb7 25. Rd1 Rc8 26. Qa6 Rcc7 27. Bh6 Bb5 28. Qa5 Be2 29. Re1 Bf3 30. Qa4 Rb8 31. Bf4 e5 32. Be3 Kg7 33. h4 h5 34. Qa5 Rcb7 35. Qd2 Bb4 0-1


[Site "https://www.chess.com"]

[Event "Titled Tuesday Blitz January 03 Early 2023"]
[White "Chigaev, Maksim"]
[Black "Martinez Alcantara, Jose Eduardo"]
[WhiteFideId "4108116"]
[BlackFideId "3805662"]
[WhiteElo "2628"]
[BlackElo "2619"]
[Result "1-0"]
[Round "09"]
[TimeControl "180+2"]
[Date "2023.01.03"]
[WhiteClock "0:00:10"]
[BlackClock "0:00:02"]

1. e4 c5 2. Nf3 Nc6 3. Bb5 e6 4. c3 d5 5. d3 Bd6 6. O-O Ne7 7. Re1 O-O 8. e5 Bc7 9. d4 cxd4 10. cxd4 Bd7 11. Nc3 f6 12. exf6 gxf6 13. Be3 Kh8 14. Rc1 Rc8 15. Ne2 Qe8 16. Bf4 Ba5 17. Nc3 Rg8 18. a3 a6 19. Bd3 b5 20. b4 Bb6 21. Bb1 Qf7 22. Bd6 Rcd8 23. Bc5 Bc7 24. g3 Nf5 25. Kh1 Qh5 26. Ng1 Qg5 27. Nce2 Qh6 28. Bxf5 exf5 29. f4 Rde8 30. Qd3 Re4 31. Nc3 Be6 32. Nxe4 fxe4 33. Qe3 Bd7 34. Ne2 Qh5 35. Rc3 Bb8 36. Ng1 Qf7 37. Kg2 h5 38. Kf2 Nd8 39. Ke2 Ne6 40. Kd2 Ng7 41. Kc1 Nf5 42. Qd2 Be6 43. Ne2 Bc7 44. Kb2 Ra8 45. Nc1 a5 46. Nb3 a4 47. Na5 Bxa5 48. bxa5 Rxa5 49. Bb4 Ra7 50. Rc6 Rb7 51. Qc3 Kh7 52. h3 Nh6 53. g4 hxg4 54. hxg4 Nxg4 55. f5 Bxf5 56. Rh1+ Kg8 57. Qg3 e3 58. Rg1 Qg6 59. Qf4 e2 60. Rd6 Kg7 61. Rxd5 Be6 62. Rd6 Bf5 63. Rc6 Rd7 64. Rc7 Rxc7 65. Qxc7+ Kg8 66. Qd8+ Kh7 67. Rh1+ Nh6 68. Qe7+ Qg7 69. Qxe2 Kg8 70. Qe8+ Kh7 71. Bd2 Qg2 72. Rxh6+ Kg7 73. Qe7+ Kg8 74. Qd8+ Kg7 75. Qxf6+ Kg8 76. Rh8# 1-0


[Site "https://www.chess.com"]

[Event "Titled Tuesday Blitz January 03 Early 2023"]
[White "Xiong, Jeffery"]
[Black "Madaminov, Mukhiddin"]
[WhiteFideId "2047640"]
[BlackFideId "14210703"]
[WhiteElo "2692"]
[BlackElo "2422"]
[Result "1-0"]
[Round "09"]
[TimeControl "180+2"]
[Date "2023.01.03"]
[WhiteClock "0:00:14"]
[BlackClock "0:00:03"]

1. d4 Nf6 2. Nf3 g6 3. Nbd2 d5 4. b3 Bg7 5. Bb2 O-O 6. e3 a5 7. a3 Bf5 8. c4 c6 9. Be2 Nbd7 10. O-O Ne4 11. Nxe4 Bxe4 12. Nd2 Bf5 13. b4 e5 14. cxd5 cxd5 15. Nb3 axb4 16. axb4 Qb6 17. Qd2 Rxa1 18. Rxa1 Rc8 19. Nc5 exd4 20. Bxd4 Bxd4 21. exd4 Nxc5 22. bxc5 Qf6 23. Qb4 Re8 24. Bf1 Re4 25. Rd1 Bg4 26. Rd3 Be2 27. Rd2 Bxf1 28. Kxf1 Qf4 29. f3 Re6 30. Re2 Rxe2 31. Kxe2 Qxh2 32. Kf1 Qh1+ 33. Kf2 Qh4+ 34. Kf1 Qe7 35. Qb3 Qd7 36. g4 Kf8 37. Kf2 Ke7 38. Kg3 Qc7+ 39. Kg2 Qc6 40. Qe3+ Kf8 41. Qe5 Kg8 42. Qb8+ Kg7 43. Qe5+ Kf8 44. Qh8+ Ke7 45. Qxh7 Qf6 46. Qh2 Qxd4 47. Qd6+ Ke8 48. Qb8+ Ke7 49. Qd6+ Ke8 50. Qb8+ Ke7 51. Qxb7+ Ke6 52. Qc6+ Ke7 53. Qd6+ Ke8 54. c6 Qd2+ 55. Kh3 Qd3 56. Kg3 Qd1 57. c7 Qg1+ 58. Kh3 Qh1+ 59. Kg3 Qg1+ 60. Kh4 Qe1+ 61. Kg5 Qc1+ 62. f4 f6+ 63. Kxg6 Qc2+ 64. f5 1-0


[Site "https://www.chess.com"]

[Event "Titled Tuesday Blitz January 03 Early 2023"]
[White "Zhigalko, Sergei"]
[Black "Naroditsky, Daniel"]
[WhiteFideId "13502956"]
[BlackFideId "2026961"]
[WhiteElo "2572"]
[BlackElo "2618"]
[Result "0-1"]
[Round "09"]
[TimeControl "180+2"]
[Date "2023.01.03"]
[WhiteClock "0:00:01"]
[BlackClock "0:00:49"]

1. e4 e5 2. Nf3 Nc6 3. Bb5 a6 4. Ba4 d6 5. O-O Bd7 6. c3 Nf6 7. Re1 g6 8. d4 Bg7 9. Bxc6 Bxc6 10. dxe5 Nxe4 11. exd6 O-O 12. dxc7 Qxc7 13. Be3 Rad8 14. Nbd2 Nxd2 15. Nxd2 Rfe8 16. Qe2 Bh6 17. Nf1 Qa5 18. Qg4 Re4 19. Qg3 Rde8 20. h3 Bf4 21. Qxf4 Rxf4 22. Bxf4 Rxe1 23. Rxe1 Qxa2 24. Ne3 h5 25. Re2 Qb1+ 26. Kh2 Qd3 27. Re1 Qd2 28. Rd1 Qxf2 29. Rd4 f6 0-1


[Site "https://www.chess.com"]

[Event "Titled Tuesday Blitz January 03 Early 2023"]
[White "Terry, Renato"]
[Black "Sarana, Alexey"]
[WhiteFideId "3803457"]
[BlackFideId "24133795"]
[WhiteElo "2520"]
[BlackElo "2685"]
[Result "1/2-1/2"]
[Round "09"]
[TimeControl "180+2"]
[Date "2023.01.03"]
[WhiteClock "0:00:01"]
[BlackClock "0:00:03"]

1. Nf3 d5 2. e3 a6 3. g3 g6 4. Bg2 Bg7 5. d4 Nf6 6. O-O O-O 7. Nbd2 Nbd7 8. c4 c5 9. cxd5 Nxd5 10. Ne4 cxd4 11. Nxd4 Qb6 12. Qa4 Rd8 13. Bd2 Bxd4 14. Ba5 Qb5 15. Qxb5 axb5 16. Bxd8 Bxb2 17. Rad1 N7b6 18. Nc5 Bg4 19. Bxb6 Nxb6 20. Rd2 Nc4 21. Rc2 Ra7 22. Bd5 Ba3 23. Nb3 Nd6 24. Kg2 Bf5 25. Rc7 Kf8 26. Nd4 Bd3 27. Rd1 Bc4 28. Bxc4 bxc4 29. Nc6 Ra6 30. Nxe7 Ne8 31. Nxg6+ hxg6 32. Rxc4 Nd6 33. Rc7 b6 34. Rd7 Ne4 35. R1d4 Nf6 36. Rb7 Bc5 37. Rf4 Kg7 38. g4 g5 39. Rf5 Kg6 40. h4 gxh4 41. Rf4 Rxa2 42. g5 Nd5 43. Rfxf7 Nxe3+ 44. Kh3 Nd5 45. f4 Nxf4+ 46. Rxf4 Kxg5 47. Rg4+ Kf5 48. Rf7+ Ke6 49. Rf3 Bd6 50. Rg6+ Ke5 51. Kxh4 Bc5 52. Rg4 Kd5 53. Rf5+ Kc6 54. Rg6+ Kb5 55. Rg4 Ra1 56. Kg5 Kc6 57. Rf6+ Kd5 58. Rf5+ Ke6 59. Re4+ Kd6 60. Kf6 Kc6 61. Re6+ Kb5 62. Re4 Rd1 63. Ke6 Kc6 64. Rf6 Kb5 65. Rf5 Rd8 66. Kf7 Rf8+ 67. Kg6 Rh8 68. Kg5 Rg8+ 69. Kf4 Rc8 70. Kf3 Ka5 71. Ke2 Rd8 72. Ree5 Kb4 73. Re4+ Kb5 74. Rff4 Kc6 75. Rg4 Ra8 76. Re6+ Kd5 77. Ree4 Ra2+ 78. Kd3 Ra3+ 79. Kc2 b5 80. Ref4 Bd6 81. Rf5+ Kc6 82. Rg6 Ra4 83. Kc3 Rc4+ 84. Kd3 Rc1 85. Kd2 Rc4 86. Rff6 Rd4+ 87. Ke3 Rd5 88. Ke4 b4 89. Rg2 Rd1 90. Rc2+ Kb5 91. Rf5+ Ka4 92. Rc6 Re1+ 93. Kd3 Be7 94. Kd2 Re4 95. Ra6+ Kb3 96. Rf3+ Kb2 97. Kd3 Re1 98. Rf2+ Kb3 99. Re2 Rxe2 100. Kxe2 Kc2 101. Rc6+ Kb2 102. Kd3 b3 103. Rb6 Ka2 104. Kc3 b2 105. Rxb2+ Ka3 106. Rb6 Ka4 107. Kc4 Ka5 108. Rc6 Bh4 109. Rh6 Bf2 110. Rf6 Bg1 111. Re6 Bf2 1/2-1/2


[Site "https://www.chess.com"]

[Event "Titled Tuesday Blitz January 03 Early 2023"]
[White "Paravyan, David"]
[Black "Ibarra Jerez, Jose Carlos"]
[WhiteFideId "4194985"]
[BlackFideId "2226332"]
[WhiteElo "2601"]
[BlackElo "2563"]
[Result "1-0"]
[Round "09"]
[TimeControl "180+2"]
[Date "2023.01.03"]
[WhiteClock "0:00:04"]
[BlackClock "0:00:01"]

1. e4 c5 2. Nf3 Nc6 3. Nc3 e5 4. Bc4 Be7 5. d3 d6 6. a4 Nf6 7. Bg5 Nd7 8. Bxe7 Nxe7 9. Ng5 O-O 10. Qh5 Nf6 11. Nxf7 Qb6 12. Nxd6+ Kh8 13. Nf7+ Kg8 14. Nxe5+ Kh8 15. Nf7+ Kg8 16. Ng5+ Kh8 17. Qd1 Qxb2 18. Nb5 Qe5 19. Nf3 Qh5 20. Nd6 Bg4 21. h3 Bd7 22. Qd2 h6 23. Qc3 Nc6 24. O-O-O Qg6 25. Kb2 Nh5 26. e5 Qxg2 27. Bd5 Rxf3 28. Rhg1 Qxf2 29. e6 Be8 30. Bxf3 Qxf3 31. Rdf1 Qd5 32. Rf8+ Kh7 33. Nxe8 Nd4 34. Qc4 Qc6 35. Nf6+ Nxf6 36. Rxa8 Qb6+ 37. Ka2 Qc6 38. e7 b5 39. axb5 Qxa8 40. Re1 Qe8 41. Qxc5 Nxb5 42. Kb2 a6 43. c4 Qh5 44. Qxh5 Nxh5 45. e8=Q Nf6 46. cxb5 1-0


[Site "https://www.chess.com"]

[Event "Titled Tuesday Blitz January 03 Early 2023"]
[White "Oliveira, Silvio Eduardo"]
[Black "Puranik, Abhimanyu"]
[WhiteFideId "2111560"]
[BlackFideId "5061245"]
[WhiteElo "2297"]
[BlackElo "2613"]
[Result "1/2-1/2"]
[Round "09"]
[TimeControl "180+2"]
[Date "2023.01.03"]
[WhiteClock "0:00:11"]
[BlackClock "0:00:08"]

1. e4 Nc6 2. d4 d5 3. e5 Bf5 4. c3 e6 5. Ne2 h5 6. h4 Be7 7. Ng3 Bxb1 8. Rxb1 g6 9. Ne2 Bxh4 10. Nf4 Bg5 11. Bd3 Nh6 12. g3 Qe7 13. Qa4 Ng4 14. Ba6 O-O-O 15. Qxc6 bxa6 16. Nd3 Bxc1 17. Nc5 Qxc5 18. dxc5 Bg5 19. b4 Nxe5 20. Qxa6+ Kd7 21. f4 h4 22. fxe5 hxg3 23. Ke2 Bf4 24. Kf3 Bxe5 25. Rbf1 Rh2 26. Rxh2 gxh2 27. Kg2 Ke7 28. Qxa7 Rh8 29. Qa6 Rh4 30. Qe2 Re4 31. Qf3 f5 32. a4 g5 33. Qh5 g4 34. Qh7+ Kf8 35. a5 Re2+ 36. Kh1 g3 37. Qh6+ Ke7 38. Qh7+ Kd8 39. Qg8+ Ke7 40. Qg5+ Kd7 41. b5 f4 42. c6+ Kd6 43. Qg4 g2+ 44. Qxg2 Rxg2 45. Kxg2 Bxc3 46. a6 Bd4 47. Rxf4 Ba7 48. Rf8 Kc5 49. Re8 Kxb5 50. Rxe6 Kxa6 51. Kxh2 Kb5 52. Kg2 Bc5 53. Kf3 Kb6 54. Kf4 Bd6+ 55. Ke3 Kc5 56. Kd3 Kxc6 57. Kd4 Kd7 58. Rh6 c6 59. Rh7+ Kc8 60. Rf7 Kd8 61. Rh7 Kc8 62. Rg7 Kd8 63. Rh7 Be7 64. Ke5 Bc5 65. Ke6 Kc8 66. Rh5 Kc7 67. Rxd5 cxd5 68. Kxd5 1/2-1/2


[Site "https://www.chess.com"]